 Dungeon Crawl Stone Soup version 0.25-a0-1133-g93ebf739aa (webtiles) character file.

Game seed: 18367159696776836944, levelgen mode: deterministic

41 funkygono the Chiller (level 3, -2/24 HPs)
             Began as a Demonspawn Ice Elementalist on May 21, 2020.
             Slain by Sigmund
             ... wielding a +0 scythe
              (7 damage)
             ... on level 2 of the Dungeon.
             The game lasted 00:03:33 (1182 turns).

funkygono the Chiller (Demonspawn Ice Elementalist) Turns: 1182, Time: 00:03:34

Health: -2/24      AC:  3    Str:  8    XL:     3   Next: 32%
Magic:  2/6        EV: 12    Int: 17    God:
Gold:   35         SH:  4    Dex: 13    Spells: 6/7 levels left

rFire    . . .     SeeInvis .   d - +0 whip
rCold    . . .     Gourm    .   (no shield)
rNeg     . . .     Faith    .   a - +1 robe
rPois    .         Spirit   .   (helmet restricted)
rElec    .         Reflect  .   (no cloak)
rCorr    .         Harm     .   (no gloves)
MR       .....                  (no boots)
Stlth    ++........             (no amulet)
HPRegen  0.08/turn              (no ring)
MPRegen  0.10/turn              (no ring)

@: no status effects
A: antennae 1, large bone plates 1
a: no special abilities


You were on level 2 of the Dungeon.
You were not hungry.

You visited 1 branch of the dungeon, and saw 2 of its levels.

You collected 35 gold pieces.

Inventory:

Hand Weapons
 d - a +0 whip (weapon)
Armour
 a - a +1 robe (worn)
Jewellery
 i - a +4 ring of protection {unknown}
Scrolls
 f - a scroll of noise {unknown}
 k - a scroll of identify
Potions
 b - 2 potions of haste
 e - a potion of magic {unknown}
 g - a potion of stabbing
 h - 2 potions of curing
 l - a potion of heal wounds {unknown}
Comestibles
 c - a ration
 j - 2 chunks of flesh


   Skills:
 + Level 1.9 Dodging
 + Level 2.0 Stealth
 + Level 2.5 Spellcasting
 + Level 4.2 Ice Magic


You had 6 spell levels left.
You knew the following spells:

 Your Spells              Type           Power        Failure   Level  Hunger
a - Freeze                Ice            ###.         3%          1    #......

Your spell library contained the following spells:

 Spells                   Type           Power        Failure   Level  Hunger
 Frozen Ramparts          Ice            ###...       10%         3    ###....
 Ozocubu's Armour         Chrm/Ice       #.......     22%         3    ###....
 Hailstorm                Conj/Ice       #.......     58%         4    #####..
 Summon Ice Beast         Ice/Summ       #.......     58%         4    #####..


Dungeon Overview and Level Annotations

Branches:
Dungeon (2/15)

Altars:

Annotations:
D:2 Sigmund


Innate Abilities, Weirdness & Mutations

You have a pair of small antennae on your head.
You are partially covered in large bone plates. (SH +4)


Message History

Sigmund is heavily wounded.
The hobgoblin closely misses you.
Casting: Freeze (safe; 3% risk of failure)
Confirm with . or Enter, or press ? or * to list all spells.
Aiming: Freeze (safe; 3% risk of failure)
Press: ? - help, Shift-Dir - straight line, f/p - Sigmund
Aim: Sigmund, wielding a +0 scythe and wearing a +0 robe (heavily wounded)
You freeze Sigmund.
Sigmund is heavily wounded.
You block Sigmund's attack.
The hobgoblin hits you but does no damage.
Casting: Freeze (safe; 3% risk of failure)
Confirm with . or Enter, or press ? or * to list all spells.
Aiming: Freeze (safe; 3% risk of failure)
Press: ? - help, Shift-Dir - straight line, f/p - Sigmund
Aim: Sigmund, wielding a +0 scythe and wearing a +0 robe (heavily wounded)
You freeze Sigmund.
Sigmund is severely wounded.
The hobgoblin closely misses you. Sigmund hits you with a +0 scythe!
You die...

#..............
#.......g# #........# #
#####'#### ###.# #.# ...
#######.##########.#####
........................
.......@g÷.(..(.(.......
..#####@########.######
..#####.# #.#
..'.....########.#
..####...##......#
#...##.###### #...##.#
#.÷....# #..)...#
#...#.#########


You could see Sigmund and a hobgoblin.

Vanquished Creatures
  2 adders (D:2)
  A leopard gecko (D:2)
  2 ball pythons (D:1)
  3 giant cockroaches
  A hobgoblin (D:1)
  4 bats
  3 frilled lizards
  3 goblins
  3 kobolds
  3 rats
25 creatures vanquished.

Notes
Turn   | Place    | Note
-------+----------+-------------------------------------------
     0 | D:1      | funkygono the Demonspawn Ice Elementalist began the quest
                  | for the Orb.
     0 | D:1      | Reached XP level 1. HP: 13/13 MP: 3/3
   299 | D:1      | Gained mutation: You are partially covered in large bone
                  | plates. (SH +4) [demonic ancestry]
   299 | D:1      | Reached XP level 2. HP: 19/19 MP: 3/5
   716 | D:2      | Reached skill level 4 in Ice Magic
   987 | D:2      | Gained mutation: You have a pair of small antennae on your
                  | head. [demonic ancestry]
   987 | D:2      | Reached XP level 3. HP: 19/24 MP: 1/6
  1164 | D:2      | Noticed Sigmund
  1182 | D:2      | Slain by Sigmund

Illustrated notes

Levels and vault maps discovered:
D:1:      saegor_arrival_miasma, layout_basic
D:2:      layout_basic, gammafunk_temple_overflow_forgotten, uniq_sigmund,
          uniq_natasha, uniq_terence

Skill      XL: |  1  2 |
---------------+-------+-----
Ice Magic      | 4 |  4.2
Stealth        | 2 |  2.0
Dodging        | |  1.9
Spellcasting   | |  2.5

Action                   || total
-------------------------++-------
Melee: Whip              ||     3
 Cast: Freeze            ||    39
  Use: Scroll            ||     6
  Eat: Chunk             ||     1
Armor: Robe              ||     8
Dodge: Dodged            ||    23
Block: Other             ||     6

Table legend:
 A = Non-vault XP
 B = Vault XP
 C = Vault XP percentage of total XP
 D = Non-vault monster count
 E = Vault monster count
 F = Vault count percentage of total count
                 A         B        C        D         E       F
            +---------+---------+-------+---------+---------+-------
      Total |      59 |       0 |   0.0 |      25 |       0 |   0.0
            +---------+---------+-------+---------+---------+-------
        D:1 |      18 |       0 |   0.0 |      13 |       0 |   0.0
        D:2 |      41 |       0 |   0.0 |      12 |       0 |   0.0
            +---------+---------+-------+---------+---------+-------
